Match 44984038
Unlisted

Match 44984038
End
Selects Airborne Battlegroup
Selects Heavy Machine Gun Paradrop
Heavy Machine Gun Paradrop
Construct Weapon Support Center
Bazooka Squad
Bazooka Squad
Engineer Squad
Selects Paratrooper Squad Paradrop
Air Support Center
Paratrooper Squad Paradrop
Heavy Machine Gun Paradrop
M3 Armored Personnel Carrier
P-47 Strafing Run
M3 Armored Personnel Carrier
Selects Anti-tank Gun Team Paradrop
Construct Tank Depot
NO.2
JT
Aqua
圣葛罗莉安娜个人练习生
[CoA] Deathkrieg
BurningShot
Lupin
miaowu0w0
0
0

Comments sign in to comment!

No comments posted yet!